 Dungeon Crawl Stone Soup version 0.30.0-13-g156ef70053 (webtiles) character file.

Game seed: 694281380770584753

420 safid the Chiller (level 6, -4/47 HPs)
             Began as a Merfolk Ice Elementalist on May 17, 2023.
             Slain by Menkaure (10 damage)
             ... on level 4 of the Dungeon.
             The game lasted 00:10:42 (3702 turns).

safid the Chiller (Merfolk Ice Elementalist)        Turns: 3702, Time: 00:10:43

Health: -4/47      AC: 12    Str:  8    XL:     6   Next: 94%
Magic:  1/11       EV: 12    Int: 17    God:
Gold:   151        SH:  4    Dex: 14    Spells: 5/12 levels left

rFire   x . .        f - +0 dagger
rCold   . . .        h - +0 buckler
rNeg    . . .        a - +0 robe
rPois   +            (helmet restricted)
rElec   .            k - +0 cloak
rCorr   .            (no gloves)
SInv    .            t - +0 pair of boots
Will    +....        (no amulet)
Stlth   ++           g - ring of poison resistance
HPRegen 0.27/turn    o - ring of willpower
MPRegen 0.12/turn

%: no passive effects
@: ice-armoured, very slightly contaminated
A: (nimble swimmer 2), mertail, antennae 1, iridescent scales 1, poison
resistance, heat vulnerability 1
a: no special abilities


You were on level 4 of the Dungeon.
You visited 1 branch of the dungeon, and saw 4 of its levels.

You collected 151 gold pieces.

Inventory:

Hand Weapons
 f - a +0 dagger (weapon)
Armour
 a - a +0 robe (worn)
 h - a +0 buckler (worn)
 k - a +0 cloak (worn)
 t - a +0 pair of boots (worn)
Jewellery
 g - a ring of poison resistance (left hand)
 o - a ring of willpower (right hand)
Scrolls
 b - a scroll of immolation {unknown}
 c - 6 scrolls of identify {unknown}
 e - 4 scrolls of teleportation {unknown}
 l - a scroll of brand weapon {unknown}
 m - a scroll of noise {unknown}
 p - a scroll of enchant weapon {unknown}
Potions
 d - 2 potions of magic
 i - 3 potions of curing
 j - a potion of lignification
 n - 2 potions of flight


   Skills:
 + Level 3.3 Fighting
 - Level 4.0 Dodging
 - Level 2.1 Stealth
 + Level 2.6 Shields
 + Level 3.6 Spellcasting
 + Level 5.7 Ice Magic


You had 5 spell levels left.
You knew the following spells:

 Your Spells              Type           Power      Damage    Failure   Level
a - Freeze                Ice            88%        1d9       2%          1
b - Frozen Ramparts       Ice            44%        1d7       8%          3
c - Ozocubu's Armour      Ice            22%        N/A       8%          3

Your spell library contained the following spells:

 Spells                   Type           Power      Damage    Failure   Level
 Vhi's Electric Charge    Tloc/Air       6%         N/A       61%         3
 Summon Ice Beast         Ice/Summ       12%        N/A       61%         4
 Arcjolt                  Conj/Air       1%         1d11      100%        5
 Plasma Beam              Fire/Air       1%         2x1d12    100%        6


Dungeon Overview and Level Annotations

Branches:
Dungeon (4/15)
 Temple: D:4-7

Altars:
Nemelex Xobeh

Shops:
D:1 =   D:2 *

Annotations:
D:4 Ijyb, Menkaure


Innate Abilities, Weirdness & Mutations

((You are very nimble when in or above water. (Stealth+, EV+, Speed+++)))
Your lower body shifts to a powerful aquatic tail in water.
You have a pair of small antennae on your head.
You are partially covered in iridescent scales. (AC +2)
Your system is resistant to poisons. (rPois)
You are vulnerable to heat. (rF-)


Message History

The wall freezes Menkaure but does no damage.
Menkaure calls on the powers of darkness!
Your body is wracked with pain!
* * * LOW HITPOINT WARNING * * *
Casting: Freeze (safe; 2% risk of failure)
Confirm with . or Enter, or press ? or * to list all spells.
Aiming: Freeze (safe; 2% risk of failure)
Press: ? - help, Shift-Dir - straight line, f/p - Menkaure
Aim: Menkaure (lightly damaged)
You freeze Menkaure but do no damage.
Menkaure completely resists.
Unknown command.
Casting: Freeze (safe; 2% risk of failure)
Confirm with . or Enter, or press ? or * to list all spells.
Aiming: Freeze (safe; 2% risk of failure)
Press: ? - help, Shift-Dir - straight line, f/p - Menkaure
Aim: Menkaure (lightly damaged)
You freeze Menkaure but do no damage.
Menkaure completely resists.
Menkaure resists.
The wall freezes Menkaure.
Menkaure calls on the powers of darkness!
Your body is wracked with pain!
* * * LOW HITPOINT WARNING * * *
Casting: Freeze (safe; 2% risk of failure)
Confirm with . or Enter, or press ? or * to list all spells.
Aiming: Freeze (safe; 2% risk of failure)
Press: ? - help, Shift-Dir - straight line, f/p - Menkaure
Aim: Menkaure (moderately damaged)
You freeze Menkaure.
Menkaure resists.
Menkaure is moderately damaged.
The wall freezes Menkaure but does no damage.
Menkaure hits you.
* * * LOW HITPOINT WARNING * * *
Casting: Freeze (safe; 2% risk of failure)
Confirm with . or Enter, or press ? or * to list all spells.
Aiming: Freeze (safe; 2% risk of failure)
Press: ? - help, Shift-Dir - straight line, f/p - Menkaure
Aim: Menkaure (moderately damaged)
You freeze Menkaure.
Menkaure resists.
Menkaure is heavily damaged.
The frozen ramparts melt away.
Menkaure hits you!
You die...

#.....#...............
........##..........##..
....##....##..........#...
... ###..................
.. ....#.).............. .
.. .##.............#.
###.....#....##.#. #
####..[..#.#..#..#.
##.#.@M....####.......
#.................##..
##..#....#.......####.
######..##...........
#..#..............
#...#..............
#...#.......(......
#..........#.....(.
##.........##......


You could see Menkaure.

Vanquished Creatures
  A phantom (D:4)
  A howler monkey (D:3)
  An orc priest (D:3)
  Natasha (thrice) (D:4)
  Terence (D:3)
  An orc wizard (D:3)
  5 adders
  3 gnolls (D:4)
  2 worms
  7 orcs (D:3)
  7 endoplasms
  2 giant cockroaches (D:1)
  6 goblins
  6 hobgoblins
  4 quokkas (D:1)
  9 ball pythons
  7 bats
  A frilled lizard (D:1)
  3 kobolds
  3 rats
73 creatures vanquished.

Notes
Turn   | Place    | Note
-------+----------+-------------------------------------------
     0 | D:1      | safid the Merfolk Ice Elementalist began the quest for the
                  | Orb.
     0 | D:1      | Reached XP level 1. HP: 13/13 MP: 3/3
   161 | D:1      | Found Kilicom's Jewellery Shoppe.
   301 | D:1      | Reached XP level 2. HP: 20/20 MP: 3/5
   364 | D:1      | Reached skill level 1 in Fighting
   711 | D:1      | Reached XP level 3. HP: 26/26 MP: 4/6
   942 | D:2      | Learned a level 3 spell: Frozen Ramparts
  1156 | D:2      | Found a sparkling altar of Nemelex Xobeh.
  1217 | D:2      | Reached XP level 4. HP: 32/33 MP: 2/7
  1388 | D:2      | Found Icopper's Assorted Antiques.
  1583 | D:3      | Learned a level 3 spell: Ozocubu's Armour
  1812 | D:3      | Reached skill level 1 in Shields
  1861 | D:3      | Reached skill level 5 in Ice Magic
  1869 | D:3      | Reached XP level 5. HP: 26/38 MP: 3/9
  2244 | D:3      | Noticed Terence
  2297 | D:3      | HP: 1/39 [Terence/+0 short sword (5)]
  2298 | D:3      | Killed Terence
  2612 | D:4      | Noticed Natasha
  2622 | D:4      | Killed Natasha
  2646 | D:4      | Noticed Natasha
  2665 | D:4      | Killed Natasha
  2666 | D:4      | Reached XP level 6. HP: 32/46 MP: 4/10
  2682 | D:4      | Noticed Natasha
  2693 | D:4      | Killed Natasha
  2787 | D:4      | Noticed Menkaure
  3285 | D:4      | Gained mutation: You are vulnerable to heat. (rF-) [potion
                  | of mutation]
  3285 | D:4      | Gained mutation: You are partially covered in iridescent
                  | scales. (AC +2) [potion of mutation]
  3285 | D:4      | Gained mutation: Your system is resistant to poisons.
                  | (rPois) [potion of mutation]
  3285 | D:4      | Gained mutation: You have a pair of small antennae on your
                  | head. [potion of mutation]
  3457 | D:4      | Noticed Ijyb
  3702 | D:4      | Slain by Menkaure

Illustrated notes

Levels and vault maps discovered:
D:1:      wheals_arrival_shading, layout_rooms, serial_shops, shop,
          roderic_lattice_a
D:2:      layout_rooms, serial_shops, nicolae_shop_crystal, basic_altar
D:3:      layout_loops_ring, uniq_terence
D:4:      layout_cave_pools, uniq_menkaure, uniq_ijyb, uniq_natasha

Skill      XL: |  1  2  3  4  5  6 |
---------------+-------------------+-----
Fighting       | 1 2 3 |  3.3
Dodging        | 3 4 |  4.0
Shields        | 1 2 |  2.6
Ice Magic      | 5 |  5.7
Spellcasting   | 3 |  3.6
Stealth        | |  2.1

Action                     |  1- 3 |  4- 6 || total
---------------------------+-------+-------++-------
  Melee: Club              |    15 |       ||    15
         Dagger            |    44 |   186 ||   230
   Cast: Freeze            |    48 |    35 ||    83
         Frozen Ramparts   |       |    17 ||    17
         Ozocubu's Armour  |       |    14 ||    14
    Use: Potion            |       |     9 ||     9
   Stab: Distracted        |       |     1 ||     1
         Sleeping          |       |     1 ||     1
 Armour: Robe              |    27 |    52 ||    79
         Skin              |       |    23 ||    23
  Dodge: Dodged            |    73 |   107 ||   180
  Block: Buckler           |     7 |    36 ||    43
